 Dungeon Crawl Stone Soup version bcrawl-1.34.1 (webtiles) character file.

Game seed: 645563597107422165

376177 Turgor the Frost Mage (level 11, -3/61 HPs)
             Began as a Fairy Ice Elementalist on Sept 10, 2021.
             Was a Priest of Sif Muna.
             Slain by a wolf (8 damage)
             ... on level 1 of the Lair of Beasts.
             The game lasted 01:25:46 (8362 turns).

Turgor the Frost Mage (Fairy Ice Elementalist)      Turns: 8362, Time: 01:25:47

Health: -3/61      AC: 10    Str:  6    XL:     11   Next: 19%
Magic:  27/27      EV: 20    Int: 20    God:    Sif Muna [***...]
Gold:   726        SH:  6    Dex: 15    Spells: 3/30 levels left

rFire    . . .     SeeInvis .   m - +0 dagger
rCold    . . .     Gourm    .   (shield restricted)
rNeg     . . .     Faith    .   (armour unavailable)
rPois    .         Spirit   .   z - +2 hat
rElec    .         Reflect  .   (no cloak)
rCorr    .         Harm     .   w - +0 pair of gloves
MR       +....                  C - +0 pair of boots
Stlth    ++........             k - amulet of magic regeneration
HPRegen  0.20/turn              g - ring of the Imp {+Fly Stlth+}
MPRegen  0.45/turn              (no ring)

@: flying evasively
A: small, magic attunement, unstealthy, unfitting armour, able to fly, AC/SH +6
a: Stop Flying, Divine Energy, Channel Magic, Renounce Religion


You were on level 1 of the Lair of Beasts.
You worshipped Sif Muna.
Sif Muna was most pleased with you.
You were not hungry.

You visited 3 branches of the dungeon, and saw 10 of its levels.
You also visited: Ossuary.

You collected 726 gold pieces.

Inventory:

Hand Weapons
 m - a +0 dagger (weapon)
Armour
 w - a +0 pair of gloves (worn)
 z - a +2 hat (worn)
 C - a +0 pair of boots (worn)
Jewellery
 g - the ring of the Imp (left hand) {+Fly Stlth+}
   (You found it on level 1 of the Dungeon)

   [ring of flight]

   It lets you fly.
   It makes you more stealthy.
 i - the ring "Koups" {Fire Int+2}
   (You found it on level 8 of the Dungeon)

   [ring of fire]

   It enhances your fire magic.
   It affects your intelligence (+2).
   It protects you from fire.
   It makes you vulnerable to cold.
 k - an amulet of magic regeneration (around neck)
Wands
 b - a wand of iceblast (5)
 x - a wand of acid (4)
 B - a wand of digging (5)
Scrolls
 a - 3 scrolls of remove curse
 c - 2 scrolls of enchant armour {unknown}
 h - 3 scrolls of fear
 l - 8 scrolls of teleportation
 n - 5 scrolls of amnesia
 q - 3 scrolls of enchant weapon {unknown}
 s - a scroll of noise {unknown}
 u - a scroll of fog {unknown}
 v - a scroll of immolation {unknown}
 y - 2 scrolls of blinking {unknown}
Potions
 d - a potion of agility
 f - a potion of heal wounds
 j - a potion of haste
 o - a potion of cancellation
 p - a potion of mutation
 r - 2 potions of curing
 t - a potion of magic
 A - 2 potions of might
Comestibles
 e - 22 rations {!d}
 D - 13 chunks of flesh


   Skills:
 - Level 6.7 Dodging
 - Level 1.5 Stealth
 + Level 10.4 Spellcasting
 + Level 9.8 Conjurations
 + Level 10.7 Ice Magic
 * Level 8.9 Air Magic


You had 3 spell levels left.
You knew the following spells:

 Your Spells              Type           Power        Failure   Level  Hunger
a - Freeze                Ice            ######       1%          1    None
b - Throw Frost           Conj/Ice       ######       1%          2    None
c - Ozocubu's Armour      Chrm/Ice       ####....     2%          3    None
d - Throw Icicle          Conj/Ice       ######..     1%          4    None
e - Iskenderun's Mystic   Conj           #####...     1%          3    None
f - Airstrike             Air            #####.....   1%          4    None
g - Lightning Bolt        Conj/Air       #####.....   3%          5    None
h - Swiftness             Chrm/Air       ####....     1%          2    None
i - Mephitic Cloud        Conj/Pois/Air  #####...     1%          3    None

Your spell library contained the following spells:

 Spells                   Type           Power        Failure   Level  Hunger
 Flame Tongue             Conj/Fire      ####.        1%          1    None
 Magic Dart               Conj           ####         1%          1    None
 Shock                    Conj/Air       #####        1%          1    None
 Poisonous Vapours        Pois/Air       ####..       1%          2    None
 Static Discharge         Air            #####...     1%          3    None
 Dazzling Orbs            Conj/Hex       ####...      2%          3    None
 Stone Arrow              Conj/Erth      ####..       2%          3    None
 Apportation              Tloc           ##....       7%          1    None
 Shackle                  Hex            ##......     10%         2    None
 Ice Form                 Ice/Tmut       ####....     8%          4    None
 Summon Ice Beast         Ice/Summ       ####....     8%          4    None
 Fulminant Prism          Conj/Hex       ####......   9%          4    None
 Bolt of Draining         Conj/Necr      ####......   24%         5    None
 Fireball                 Conj/Fire      ####......   24%         5    None
 Silence                  Hex/Air        ####......   28%         5    None
 Cause Fear               Hex            ##........   54%         4    None
 Orb of Destruction       Conj           #####.....   69%         7    None
 Iron Shot                Conj/Erth      ####......   80%         6    None
 Poison Arrow             Conj/Pois      ####......   80%         6    None
 Dispersal                Tloc           ##........   100%        6    None
 Mana Rupture             Conj/Hex       ####......   100%        7    None
 Spellforged Servitor     Conj/Summ      ####......   100%        7    None


Dungeon Overview and Level Annotations

Branches:
Dungeon (8/12)             Temple (1/1) D:4            Lair (1/6) D:8
    Orc: D:8-11

Altars:
Ashenzari
Cheibriados
Dithmenos
Fedhas
Hepliaklqana
Lugonu
Makhleb
Nemelex Xobeh
Okawaru
Qazlal
Ru
Sif Muna
Trog
Uskayaw
Vehumet
Wu Jian
Xom
Zin
The Shining One


Innate Abilities, Weirdness & Mutations

Your spells do not cause hunger and MP costs are reduced by 1.
Your bright wings attract enemies. (Stealth-)
You cannot fit into any form of body armour.
Your shimmering scales are hard and can block incoming attacks. (AC +6, SH +6)
You are small and have problems with some larger weapons.
You can fly continuously.


Message History

Casting: Freeze (safe; 1% risk of failure)
Confirm with . or Enter, or press ? or * to list all spells.
Aiming: Freeze (safe; 1% risk of failure)
Press: ? - help, Shift-Dir - straight line, f/p - wolf
Aim: a wolf (heavily wounded)
You freeze the wolf.
The wolf is heavily wounded.
The wolf bites you!
* * * LOW HITPOINT WARNING * * *
The wolf misses you. x2; The wolf bites you!
* * * LOW HITPOINT WARNING * * *
Casting: Freeze (safe; 1% risk of failure)
Confirm with . or Enter, or press ? or * to list all spells.
Okay, then.
Unknown command.
Unknown command.
You feel better. The wolf bites you.
* * * LOW HITPOINT WARNING * * *
The wolf bites you but does no damage. The wolf bites you!
You die...

##....# ##...÷##
#.....## ..
#...#..###...
#.(..........
##l...÷.......
#rF#.#.###...P
##h##### ##P.
#h@##### .
###......######.
#.........(.......
.........≈≈.≈..#...
....#≈..≈≈≈≈≈≈.###
...##.≈≈≈≈≈≈≈≈≈..#.
...##.≈≈≈≈≈≈≈≈≈≈..#
.. ..≈≈≈≈≈≈≈≈≈≈≈...
...≈≈≈.<.≈≈≈≈###


You could see a komodo dragon, a cane toad, 2 wolves and a porcupine.

Vanquished Creatures
  2 oklob plants (D:8)
  A komodo dragon (Lair:1)
  A cane toad (Lair:1)
  A troll (D:4)
  3 blink frogs (Lair:1)
  3 hippogriffs
  A wraith (D:8)
  A spriggan (D:7)
  2 hungry ghosts
  2 wargs (D:8)
  3 orc warriors
  2 sky beasts
  A phantom (D:5)
  3 ice beasts (D:8)
  2 black bears (D:6)
  A necrophage (D:8)
  13 wolves (Lair:1)
  4 bullfrogs
  An elf zombie (Ossuary)
  A big kobold (D:7)
  A gnoll sergeant (D:7)
  A water moccasin zombie (D:7)
  5 scorpions
  A wight (D:7)
  A howler monkey (D:7)
  3 orc priests
  3 crimson imps
  A quasit (D:8)
  A bullfrog zombie (D:7)
  3 hounds
  3 jellies
  An iguana (D:4)
  11 orc wizards
  3 worker ants
  2 big kobold zombies (Ossuary)
  A hound zombie (Ossuary)
  A hound skeleton (D:3)
  4 mummies (Ossuary)
  A worker ant zombie (D:7)
  6 adders
  8 gnolls (D:7)
  A shadow imp (D:7)
  2 oozes (D:1)
  An adder skeleton (D:6)
  4 worms
  2 dart slugs (D:1)
  A leopard gecko (D:1)
  29 orcs
  5 bats
  9 giant cockroaches
  A gnoll zombie (Ossuary)
  5 goblins
  6 hobgoblins
  4 jackals (D:2)
  2 quokkas (D:3)
  A ball python (D:5)
  4 frilled lizards
  A goblin zombie (Ossuary)
  2 hobgoblin zombies (Ossuary)
  16 kobolds
  2 kobold zombies (Ossuary)
  2 orc zombies (Ossuary)
  4 rats
213 creatures vanquished.

Vanquished Creatures (others)
  A fungus (Lair:1)
  2 plants (Lair:1)
3 creatures vanquished.

Grand Total: 216 creatures vanquished

Notes
Turn   | Place    | Note
-------+----------+-------------------------------------------
     0 | D:1      | Turgor the Fairy Ice Elementalist began the quest for the
                  | Orb.
     0 | D:1      | Reached XP level 1. HP: 11/11 MP: 6/6
   127 | D:1      | Reached XP level 2. HP: 17/17 MP: 8/8
   130 | D:1      | Learned a level 2 spell: Throw Frost
   274 | D:1      | Reached XP level 3. HP: 19/21 MP: 9/9
   315 | D:1      | Got a transparent platinum ring
   316 | D:1      | Identified the ring of the Imp {+Fly Stlth+} (You found it
                  | on level 1 of the Dungeon)
   832 | D:2      | Found a shadowy altar of Dithmenos.
   846 | D:2      | Learned a level 3 spell: Ozocubu's Armour
  1241 | D:2      | Reached XP level 4. HP: 27/27 MP: 8/11
  1246 | D:2      | Learned a level 4 spell: Throw Icicle
  1356 | D:2      | Found a shattered altar of Ashenzari.
  1411 | D:2      | Found a glowing golden altar of the Shining One.
  1411 | D:2      | Found an iron altar of Okawaru.
  1676 | D:3      | Found a burning altar of Makhleb.
  1901 | D:3      | Reached XP level 5. HP: 30/31 MP: 11/13
  2031 | D:3      | Reached skill level 5 in Ice Magic
  2033 | D:3      | Found a stormy altar of Qazlal.
  2361 | D:4      | Noticed a sky beast
  2361 | D:4      | Noticed a bullfrog
  2450 | D:4      | Killed a bullfrog
  2463 | D:4      | Killed a sky beast
  2464 | D:4      | Reached skill level 5 in Spellcasting
  2464 | D:4      | Reached XP level 6. HP: 10/36 MP: 7/15
  2716 | D:4      | Reached XP level 7. HP: 41/41 MP: 13/17
  2834 | D:4      | Noticed a troll
  3064 | D:4      | Found a staircase to the Ecumenical Temple.
  3072 | Temple   | Entered the Ecumenical Temple
  3077 | Temple   | Became a worshipper of Sif Muna the Loreminder
  3184 | D:4      | Found a hide-covered altar of Uskayaw.
  3224 | D:5      | Entered Level 5 of the Dungeon
  3308 | D:5      | Reached skill level 5 in Dodging
  3314 | D:5      | Reached skill level 5 in Conjurations
  3337 | D:5      | Found an ornate altar of the Wu Jian Council.
  3382 | D:5      | Reached XP level 8. HP: 46/46 MP: 17/19
  3391 | D:5      | Found a sand-covered staircase.
  3413 | Ossuary  | Entered an ossuary
  3526 | Ossuary  | Reached * piety under Sif Muna
  3848 | D:5      | Identified Sif Muna's Reference Book on the Harmful Compass
                  | (Sif Muna gifted it to you on level 5 of the Dungeon)
  3848 | D:5      | Received a gift from Sif Muna
  3855 | D:5      | Learned a level 3 spell: Iskenderun's Mystic Blast
  4173 | D:5      | Found a glowing silver altar of Zin.
  4218 | D:5      | Found a shimmering altar of Xom.
  4732 | D:6      | Found a bloodstained altar of Trog.
  4906 | D:6      | Reached XP level 9. HP: 51/51 MP: 18/22
  5360 | D:4      | Killed a troll
  5619 | D:7      | Learned a level 4 spell: Airstrike
  5625 | D:7      | Learned a level 5 spell: Lightning Bolt
  5628 | D:7      | Learned a level 2 spell: Swiftness
  5664 | D:7      | Reached skill level 1 in Air Magic
  5764 | D:7      | Reached ** piety under Sif Muna
  5842 | D:7      | Identified Wokhor's Collected Works on Confrontation (Sif
                  | Muna gifted it to you on level 7 of the Dungeon)
  5842 | D:7      | Received a gift from Sif Muna
  6280 | D:7      | Reached XP level 10. HP: 56/56 MP: 9/25
  6867 | D:8      | Reached skill level 5 in Air Magic
  6925 | D:8      | Found a blossoming altar of Fedhas.
  6928 | D:8      | Noticed an oklob plant
  6934 | D:8      | Killed an oklob plant
  6935 | D:8      | Noticed an oklob plant
  6954 | D:8      | Killed an oklob plant
  7099 | D:8      | Got a vibrating turquoise ring
  7100 | D:8      | Identified the ring "Koups" {Fire Int+2} (You found it on
                  | level 8 of the Dungeon)
  7109 | D:8      | Learned a level 2 spell: Throw Frost
  7139 | D:8      | Identified Roinisumm's Papyrus of Beguiling and
                  | Intoxication (Sif Muna gifted it to you on level 8 of the
                  | Dungeon)
  7139 | D:8      | Received a gift from Sif Muna
  7145 | D:8      | Learned a level 3 spell: Mephitic Cloud
  7247 | D:8      | Reached skill level 10 in Ice Magic
  7295 | D:8      | Found a staircase to the Lair.
  8230 | Lair:1   | Entered Level 1 of the Lair of Beasts
  8247 | Lair:1   | Reached skill level 10 in Spellcasting
  8279 | Lair:1   | Reached *** piety under Sif Muna
  8283 | Lair:1   | Reached XP level 11. HP: 55/61 MP: 27/27
  8349 | Lair:1   | Identified Sif Muna's Reference Book on Malediction and the
                  | Frostbite (Sif Muna gifted it to you on level 1 of the Lair
                  | of Beasts)
  8349 | Lair:1   | Received a gift from Sif Muna
  8361 | Lair:1   | HP: 3/61 [wolf (7)]
  8362 | Lair:1   | Slain by a wolf

Skill      XL: |  1  2  3  4  5  6  7  8  9 10 |
---------------+-------------------------------+-----
Spellcasting   | 3 4 5 6 7 9 10 | 10.4
Ice Magic      | 4 5 6 8 9 10 | 10.7
Dodging        | 3 4 5 6 |  6.7
Conjurations   | 2 3 5 6 8 9 |  9.8
Air Magic      | 4 8 |  8.9
Stealth        | |  1.5

Action                   |  1- 3 |  4- 6 |  7- 9 | 10-12 || total
-------------------------+-------+-------+-------+-------++-------
Melee: Dagger            |       |    11 |   107 |     1 ||   119
 Cast: Freeze            |    28 |    32 |    29 |    53 ||   142
       Throw Frost       |    30 |    53 |    99 |    36 ||   218
       Throw Icicle      |       |     8 |    88 |    25 ||   121
       Iskenderun's Myst |       |       |    27 |    13 ||    40
       Airstrike         |       |       |       |    17 ||    17
       Lightning Bolt    |       |       |       |     6 ||     6
Evoke: Wand              |       |       |       |     3 ||     3
  Use: Scroll            |     3 |     3 |     4 |     3 ||    13
       Potion            |       |       |     6 |     3 ||     9
  Eat: Chunk             |     1 |     5 |     9 |     8 ||    23
       Ration            |       |       |     2 |       ||     2
Armor: Skin              |     2 |     4 |    30 |    14 ||    50
Dodge: Dodged            |    14 |    20 |   198 |    96 ||   328
Block: Other             |     3 |    11 |    64 |    34 ||   112
